 Dungeon Crawl Stone Soup version 0.25.0-9-g26727b657a (webtiles) character file.

Game seed: 6898926698140006497

618 Exodus22XD the Poker (level 7, 0/52 HPs)
             Began as a Demonspawn Gladiator on June 21, 2020.
             Was an Elder of Uskayaw.
             Killed from afar by an orc wizard (8 damage)
             ... with a magic dart
             ... on level 6 of the Dungeon.
             The game lasted 00:08:15 (5429 turns).

Exodus22XD the Poker (Demonspawn Gladiator)         Turns: 5429, Time: 00:08:15

Health: 0/52       AC:  5    Str: 17    XL:     7   Next: 21%
Magic:  0/9        EV: 14    Int:  9    God:    Uskayaw [****..]
Gold:   252        SH:  0    Dex: 14    Spells: 6/6 levels left

rFire    . . .     SeeInvis +   a - +0 trident
rCold    . . .     Gourm    .   (no shield)
rNeg     + . .     Faith    .   u - +1 robe of Poor Excuses {rN+ Regen+ SInv Stlth+}
rPois    .         Spirit   +   c - +0 helmet
rElec    .         Reflect  .   (no cloak)
rCorr    .         Harm     .   v - +0 pair of gloves
MR       .....                  (no boots)
Stlth    +++.......             i - amulet of inaccuracy (curse)
HPRegen  0.57/turn              (no ring)
MPRegen  0.11/turn              (no ring)

@: no status effects
A: talons 1, magic shield
a: Stomp, Line Pass, Renounce Religion


You were on level 6 of the Dungeon.
You worshipped Uskayaw.
Uskayaw was noncommittal.
You were not hungry.

You visited 1 branch of the dungeon, and saw 6 of its levels.

You collected 252 gold pieces.

Inventory:

Hand Weapons
 a - a +0 trident (weapon)
Missiles
 d - 3 throwing nets (quivered)
Armour
 b - a +0 leather armour
 c - a +0 helmet (worn)
 u - the +1 robe of Poor Excuses (worn) {rN+ Regen+ SInv Stlth+}
   (You found it on level 4 of the Dungeon)

   It protects you from negative energy.
   It lets you see invisible.
   It increases your rate of regeneration.
   It makes you more stealthy.
 v - a +0 pair of gloves (worn)
Jewellery
 i - a cursed amulet of inaccuracy (around neck)
 r - an uncursed amulet of magic regeneration {unknown}
Wands
 e - a wand of flame (11)
Scrolls
 g - 2 scrolls of fear
 h - a scroll of enchant weapon
 l - 2 scrolls of teleportation
 m - a scroll of fog
 n - a scroll of amnesia {unknown}
 o - a scroll of acquirement {unknown}
 p - 6 scrolls of remove curse {unknown}
Potions
 k - a potion of cancellation
 q - a potion of mutation {unknown}
 s - a potion of brilliance {unknown}
Comestibles
 f - 9 rations
 t - 3 chunks of flesh


   Skills:
 + Level 3.3 Fighting
 + Level 4.9 Polearms
 - Level 1.7 Throwing
 + Level 2.6 Armour
 + Level 3.7 Dodging
 + Level 2.2 Stealth
 * Level 3.0 Invocations


You had 6 spell levels left.
You didn't know any spells.
Your spell library was empty.

Dungeon Overview and Level Annotations

Branches:
Dungeon (6/15)
 Temple: D:4-7

Altars:
Elyvilon
Fedhas
Hepliaklqana
Kikubaaqudgha
Makhleb
Okawaru
Qazlal
Uskayaw
Zin
The Shining One


Innate Abilities, Weirdness & Mutations

You have sharp toenails.
When hurt, damage is shared between your health and your magic reserves.


Message History

The orc wizard misses you.
You hit the orc wizard but do no damage.
The orc wizard is heavily wounded.
The orc wizard hits you but does no damage.
You hit the orc wizard but do no damage.
Your kick misses the orc wizard.
The orc wizard is heavily wounded.
The orc wizard hits you but does no damage.
The orc wizard points at you and mumbles some strange words.
The magic dart hits you.
* * * LOW HITPOINT WARNING * * *
You miss the orc wizard.
The orc wizard is heavily wounded.
The orc wizard barely misses you. The orc wizard closely misses you.
You closely miss the orc wizard.
You claw the orc wizard, but do no damage.
The orc wizard is heavily wounded.
The orc wizard gestures at you while chanting.
The magic dart hits you!
You die...

.#... .)..
###... .....#
. #....# ..##
###....
.....#.#..#
........<.##
.#...)@o..#
#...#.))..##
## #.....#
#....!...
...).#.....
#.......##...#
###...... ....
..## .< ...


You could see an orc wizard (fast).

Vanquished Creatures
  A phantom (D:2)
  A scorpion (D:5)
  A crimson imp (D:5)
  A bullfrog zombie (D:5)
  A hound (D:5)
  A jelly (D:3)
  3 orc wizards
  A centaur skeleton (D:5)
  2 worker ants (D:4)
  8 adders
  2 oozes
  An adder skeleton (D:4)
  An adder zombie (D:5)
  4 worms
  4 dart slugs
  2 leopard geckos
  11 orcs
  8 bats
  5 giant cockroaches
  7 hobgoblins
  4 jackals
  2 quokkas
  3 ball pythons
  2 frilled lizards (D:3)
  A goblin (D:1)
  5 kobolds
  6 rats
88 creatures vanquished.

Notes
Turn   | Place    | Note
-------+----------+-------------------------------------------
     0 | D:1      | Exodus22XD the Demonspawn Gladiator began the quest for the
                  | Orb.
     0 | D:1      | Reached XP level 1. HP: 16/16 MP: 1/1
   221 | D:1      | Reached skill level 3 in Polearms
   226 | D:1      | Gained mutation: You have sharp toenails. [demonic
                  | ancestry]
   226 | D:1      | Reached XP level 2. HP: 21/22 MP: 2/2
  1075 | D:2      | Found a white marble altar of Elyvilon.
  1089 | D:2      | Noticed a phantom
  1092 | D:2      | Found a transporter.
  1093 | D:2      | Found a hide-covered altar of Uskayaw.
  1104 | D:2      | Reached XP level 3. HP: 25/27 MP: 3/3
  1132 | D:2      | Found a transporter.
  1850 | D:2      | Reached skill level 1 in Armour
  1941 | D:2      | Reached XP level 4. HP: 33/33 MP: 4/4
  2096 | D:2      | Reached skill level 1 in Stealth
  2126 | D:2      | Killed a phantom
  2126 | D:2      | Reached skill level 4 in Polearms
  2126 | D:2      | Reached XP level 5. HP: 20/39 MP: 5/5
  2284 | D:2      | Became a worshipper of Uskayaw the Reveler
  2394 | D:3      | Reached * piety under Uskayaw
  2501 | D:3      | Reached ** piety under Uskayaw
  2885 | D:3      | Reached skill level 1 in Invocations
  3885 | D:4      | Reached XP level 6. HP: 29/46 MP: 7/7
  4508 | D:4      | Got a shadowed robe
  4519 | D:4      | Identified the +1 robe of Poor Excuses {rN+ Regen+ SInv
                  | Stlth+} (You found it on level 4 of the Dungeon)
  4554 | D:4      | Found an iron altar of Okawaru.
  4771 | D:5      | Entered Level 5 of the Dungeon
  4999 | D:5      | Found an ancient bone altar of Kikubaaqudgha.
  5006 | D:5      | Found a glowing silver altar of Zin.
  5013 | D:5      | Found a glowing golden altar of the Shining One.
  5020 | D:5      | Found a stormy altar of Qazlal.
  5027 | D:5      | Found a burning altar of Makhleb.
  5034 | D:5      | Found a blossoming altar of Fedhas.
  5039 | D:5      | Found a hazy altar of Hepliaklqana.
  5270 | D:5      | Gained mutation: When hurt, damage is shared between your
                  | health and your magic reserves. [demonic ancestry]
  5270 | D:5      | Reached XP level 7. HP: 52/52 MP: 9/9
  5346 | D:5      | Reached *** piety under Uskayaw
  5419 | D:6      | Reached **** piety under Uskayaw
  5429 | D:6      | Killed from afar by an orc wizard

Illustrated notes

Levels and vault maps discovered:
D:1:      wander_arrival_estate, layout_loops_corners, hex_large
D:2:      layout_loops_corners, gammafunk_temple_overflow_arena
D:3:      minmay_inner_zag, layout_basic, first_ration, item_on_display_a
D:4:      layout_cave_pools, nicolae_overflow_hidden_temple
D:5:      layout_rooms, grunt_temple_overflow_octagram
D:6:      layout_cave_pools, minmay_temple_entry_purple_smoke,
          minmay_diced_spiral, uniq_edmund

Skill      XL: |  1  2  3  4  5  6  7 |
---------------+----------------------+-----
Polearms       | 3 4 |  4.9
Dodging        | 3 |  3.7
Armour         | 1 2 |  2.6
Stealth        | 1 2 |  2.2
Invocations    | 1 2 3 |  3.0
Fighting       | 3 |  3.3
Throwing       | |  1.7

Action                   |  1- 3 |  4- 6 |  7- 9 || total
-------------------------+-------+-------+-------++-------
Melee: Trident           |    95 |   217 |    45 ||   357
       Kick              |    19 |    38 |    10 ||    67
Invok: Line Pass         |       |     1 |       ||     1
  Use: Potion            |       |     3 |     2 ||     5
       Scroll            |       |     6 |       ||     6
 Stab: Sleeping          |     5 |     8 |       ||    13
       Distracted        |       |     1 |       ||     1
       Paralysed         |       |       |     1 ||     1
  Eat: Chunk             |     3 |    11 |     1 ||    15
Armor: Leather armour    |    16 |    17 |       ||    33
       Robe              |       |    19 |    10 ||    29
Dodge: Dodged            |    43 |   119 |    27 ||   189
